 Dungeon Sprint DCSS version 0.28.0-43-g3370ac3207 (webtiles) character file.

Game seed: 10345322713397904295

4598 boopmooplesden the Severer (level 10, -6/109 (111) HPs)
             Began as a Minotaur Berserker on Mar 30, 2022.
             Was a High Priest of Trog.
             Mangled by a soul eater (9 damage)
             ... summoned by Frances
             ... in the Dungeon (Sprint III: "The Ten Rune Challenge").
             The game lasted 00:03:38 (1615 turns).

boopmooplesden the Severer (Minotaur Berserker)     Turns: 1615, Time: 00:03:38

HP:   -6/109 (111)  AC: 14    Str: 24    XL:     10   Next: 19%
MP:   9/9           EV: 10    Int:  6    God:    Trog [*****.]
Gold: 1636          SH:  0    Dex: 12    Spells: 9/9 levels left

rFire   . . .      SeeInvis .   p - +2 battleaxe (vorpal)
rCold   + . .      Faith    .   (shield currently unavailable)
rNeg    . . .      Spirit   .   r - +0 plate armour {rC+}
rPois   .          Reflect  .   (helmet restricted)
rElec   .          Harm     .   (no cloak)
rCorr   .          Rampage  .   (no gloves)
Will    .....      NoTele   +   (no boots)
Stlth   ..........              (no amulet)
HPRegen 0.28/turn               (no ring)
MPRegen 0.11/turn               (no ring)

@: on berserk cooldown, slowed, lightly drained, very slow
A: horns 2, retaliatory headbutt, talons 1, clever 1
a: Renounce Religion, Berserk, Trog's Hand, Brothers in Arms


You were in the Dungeon.
You worshipped Trog.
Trog was extremely pleased with you.
You visited 1 branch You collected 2182 gold pieces.
You spent 546 gold pieces at shops.

Inventory:

Hand Weapons
 a - a +0 hand axe
 n - a +2 long sword of holy wrath
 p - a +2 vorpal battleaxe (weapon)
 q - the +6 broad axe "Newt's Bane" {flame, SInv}
   (Trog gifted it to you in the Dungeon)

   It burns those it strikes, dealing additional fire damage.
   Big, fiery blades are also staple armaments of hydra-hunters.
   SInv:      It lets you see invisible.
Armour
 b - a +0 animal skin
 m - a +0 ring mail
 r - a +0 plate armour of cold resistance (worn)
Scrolls
 h - a scroll of blinking
 j - 2 scrolls of torment {unknown}
 k - 3 scrolls of identify
Potions
 c - 4 potions of curing
 d - a potion of heal wounds
 e - a potion of haste
 f - 2 potions of magic
 g - a potion of berserk rage
 i - a potion of mutation
 l - 2 potions of flight
Miscellaneous
 o - a phantom mirror


   Skills:
 + Level 17.1 Fighting
 + Level 18.4 Axes
 + Level 9.4 Armour
 + Level 10.5 Dodging
 + Level 0.7 Stealth


You had 9 spell levels left.
You didn't know any spells.
Your spell library was empty.

Dungeon Overview and Level Annotations

Branches:
Dungeon (1/1)

Altars:
Cheibriados
Dithmenos
Elyvilon
Fedhas
Gozag
Hepliaklqana
Kikubaaqudgha
Makhleb
Nemelex Xobeh
Okawaru
Qazlal
Ru
Sif Muna
Trog
Uskayaw
Vehumet
Wu Jian
Xom
Yredelemnul
Zin
The Shining One
Beogh
Jiyva
Lugonu

Shops:
D [

Annotations:
D Frances


Innate Abilities, Weirdness & Mutations

You have a pair of horns on your head.
You reflexively headbutt those who attack you in melee.
You have sharp toenails.
Your mind is acute. (Int +2)


Message History

Donald hits you with a +2 war axe of holy wrath!!
Donald blocks your attack.
You claw Donald.
Donald is severely wounded.
Donald hits you with a +2 war axe of holy wrath!!
Donald blocks your attack. x2
Donald is severely wounded.
You hit Donald. You headbutt Donald, but do no damage.
Donald is severely wounded.
Donald hits you with a +2 war axe of holy wrath!!
* * * LOW HITPOINT WARNING * * *
You slice Donald like a ripe choko!!!
You kill Donald!
Trog accepts your kill.
Trog appreciates your killing of a magic user.
Frances whispers indecipherable words.
Your Fighting skill increases to level 17!
Your Axes skill increases to level 18!
You have reached level 10!
You feel a strong urge to attack something.
The soul eater hits you!
* * * LOW HITPOINT WARNING * * *
You feel drained.
* * * LOW HITPOINT WARNING * * *
You slice the soul eater!! Your kick misses the soul eater.
Your headbutt misses the soul eater.
The soul eater is severely wounded.
You hit the soul eater but do no damage.
You claw the soul eater!
The soul eater is almost dead.
You are no longer berserk.
You are exhausted.
You feel yourself slow down.
You hear a shout!
The soul eater draws from the surrounding life force!
* * * LOW HITPOINT WARNING * * *
The soul eater is healed.
You closely miss the soul eater. Your kick misses the soul eater.
The soul eater is heavily wounded.
The soul eater hits you!
You die...

'#))### #..#
.#)#####################
.#.§§§≈'.#.'...'.#.#.#.+
.#.#§≈§#.#.#...##.#.#.##
.'.#§§§#.#.#)).#.#.#.#.#
.#.#.§§#...#)..##.#.#.##
▓▓▓▓▓▓▓▓▓▓▓▓▓▓▓#.#.#.#.#
##T#.#.# +@#.#.#.#
##3#T#.## #@##### .44
#...# #...# #####


You could see Frances (fast), a soul eater (summoned), an ice devil (summoned),
a rust devil (summoned) and a friendly iron troll (summoned, berserk).

Vanquished Creatures
  Donald (D)
  Snorg (D)
  A centaur warrior (D)
  A deep elf pyromancer (D)
  An orc sorcerer (D)
  An unseen horror (D)
  A shadow (D)
  A spatial vortex (D)
  An orc warrior (D)
  A necrophage (D)
  2 centaurs (D)
  An earth elemental (D)
  A water elemental (D)
  A jelly (D)
  3 orc priests (D)
  Jessica (D)
  A wizard (D)
  2 orc wizards (D)
  A necromancer (D)
  3 humans (D)
  A kobold demonologist (D)
  A phantom (D)
  8 orcs (D)
  An endoplasm (D)
  2 rats (D)
39 creatures vanquished.

Vanquished Creatures (collateral kills)
  An orc wizard (D)
  2 orcs (D)
3 creatures vanquished.

Grand Total: 42 creatures vanquished

Notes
Turn   | Place    | Note
-------+----------+-------------------------------------------
     0 | D        | boopmooplesden the Minotaur Berserker began the quest for
                  | the Orb.
     0 | D        | Reached XP level 1. HP: 19/19 MP: 0/0
     5 | D        | Reached skill level 4 in Axes
    16 | D        | Noticed Jessica
    17 | D        | Reached ** piety under Trog
    23 | D        | Killed Jessica
    24 | D        | Reached skill level 5 in Fighting
    24 | D        | Reached skill level 5 in Axes
    24 | D        | Reached XP level 2. HP: 12/30 MP: 1/1
    24 | D        | Reached XP level 3. HP: 15/37 MP: 2/2
   219 | D        | Reached skill level 6 in Axes
   277 | D        | Reached *** piety under Trog
   295 | D        | Gained mutation: You are covered in fur. (AC +1) [potion of
                  | mutation]
   295 | D        | Gained mutation: You are frail. (-10% HP) [potion of
                  | mutation]
   295 | D        | Gained mutation: You are resistant to electric shocks.
                  | (rElec) [potion of mutation]
   296 | D        | Lost mutation: You are covered in fur. (AC +1) [potion of
                  | mutation]
   296 | D        | Lost mutation: You are frail. (-10% HP) [potion of
                  | mutation]
   296 | D        | Lost mutation: You are resistant to electric shocks.
                  | (rElec) [potion of mutation]
   296 | D        | Gained mutation: Your mind is acute. (Int +2) [potion of
                  | mutation]
   296 | D        | Gained mutation: You have sharp toenails. [potion of
                  | mutation]
   400 | D        | Noticed a water elemental
   404 | D        | Killed a water elemental
   405 | D        | Reached skill level 7 in Axes
   405 | D        | Reached XP level 4. HP: 47/47 MP: 3/3
   534 | D        | Found a basalt altar of Yredelemnul.
   534 | D        | Found a shadowy altar of Dithmenos.
   534 | D        | Found a sacrificial altar of Ru.
   534 | D        | Noticed a necrophage
   538 | D        | Reached skill level 8 in Axes
   540 | D        | Killed a necrophage
   541 | D        | Reached skill level 9 in Axes
   541 | D        | Reached skill level 5 in Dodging
   541 | D        | Reached XP level 5. HP: 57/57 MP: 4/4
   589 | D        | Found a hide-covered altar of Uskayaw.
   589 | D        | Found an iron altar of Okawaru.
   590 | D        | Found a bloodstained altar of Trog.
   590 | D        | Found an ornate altar of the Wu Jian Council.
   590 | D        | Noticed a human
   590 | D        | Noticed a human
   593 | D        | Killed a human
   594 | D        | Reached skill level 10 in Fighting
   594 | D        | Reached skill level 10 in Axes
   594 | D        | Reached skill level 5 in Armour
   594 | D        | Reached XP level 6. HP: 67/67 MP: 5/5
   600 | D        | Killed a human
   600 | D        | Reached **** piety under Trog
   601 | D        | Reached skill level 11 in Axes
   655 | D        | Found a radiant altar of Vehumet.
   655 | D        | Found a shimmering blue altar of Sif Muna.
   655 | D        | Found an ancient bone altar of Kikubaaqudgha.
   663 | D        | Reached XP level 7. HP: 74/74 MP: 6/6
   797 | D        | Found a glowing silver altar of Zin.
   798 | D        | Found a glowing golden altar of the Shining One.
   798 | D        | Found a white marble altar of Elyvilon.
   798 | D        | Noticed a deep elf pyromancer
   803 | D        | Killed a deep elf pyromancer
   803 | D        | Reached ***** piety under Trog
   804 | D        | Reached skill level 13 in Axes
   822 | D        | Noticed a shadow
   825 | D        | Killed a shadow
   826 | D        | Reached XP level 8. HP: 52/86 MP: 7/7
   976 | D        | Found a blossoming altar of Fedhas.
   976 | D        | Found a stormy altar of Qazlal.
   976 | D        | Found a snail-covered altar of Cheibriados.
   976 | D        | Found a burning altar of Makhleb.
   976 | D        | Found a shimmering altar of Xom.
   977 | D        | Found a hazy altar of Hepliaklqana.
   977 | D        | Found an opulent altar of Gozag.
   977 | D        | Found a sparkling altar of Nemelex Xobeh.
   977 | D        | Found a corrupted altar of Lugonu.
   977 | D        | Found a viscous altar of Jiyva.
   993 | D        | Reached skill level 14 in Axes
  1002 | D        | Noticed Snorg
  1008 | D        | Killed Snorg
  1008 | D        | Received a gift from Trog
  1009 | D        | Reached skill level 15 in Axes
  1051 | D        | Reached XP level 9. HP: 59/96 MP: 8/8
  1192 | D        | Noticed a centaur warrior
  1198 | D        | Killed a centaur warrior
  1199 | D        | Reached skill level 15 in Fighting
  1199 | D        | Reached skill level 16 in Axes
  1345 | D        | Killed an unseen horror
  1364 | D        | Found Casm's Antique Armour Boutique.
  1364 | D        | Noticed an orc sorcerer
  1369 | D        | Received a gift from Trog
  1376 | D        | Killed an orc sorcerer
  1376 | D        | Identified the +6 broad axe "Newt's Bane" {flame, SInv}
                  | (Trog gifted it to you in the Dungeon)
  1376 | D        | Received a gift from Trog
  1377 | D        | Reached skill level 17 in Axes
  1377 | D        | Reached skill level 10 in Dodging
  1379 | D        | Reached ****** piety under Trog
  1387 | D        | Received a gift from Trog
  1455 | D        | Bought a glowing plate armour for 546 gold pieces
  1592 | D        | Noticed Donald
  1592 | D        | Noticed Frances
  1605 | D        | Noticed a rust devil
  1610 | D        | Killed Donald
  1611 | D        | Reached skill level 18 in Axes
  1611 | D        | Reached XP level 10. HP: 45/111 MP: 9/9
  1611 | D        | Noticed a soul eater
  1614 | D        | HP: 3/109 [soul eater/drain life[Frances] (19)]
  1615 | D        | Mangled by a soul eater

Illustrated notes

Levels and vault maps discovered:
D:        dungeon_sprint_mu [sprint_mu_entry_forest, sprint_mu_temple_rooms,
          sprint_mu_d1_horrors, sprint_mu_d2_genie, sprint_mu_d3_branching,
          sprint_mu_orc_legion, sprint_mu_elf_gauntlet, sprint_mu_hive_nellie,
          sprint_mu_lair_fedhas, sprint_mu_vaults_butterflies,
          sprint_mu_slime_circle, sprint_mu_shoals_archi,
          sprint_mu_snake_twists, sprint_mu_blade_basic, sprint_mu_crypt_lich,
          sprint_mu_tomb_spiral, sprint_mu_vestibule_basic,
          sprint_mu_gehenna_hellfire, sprint_mu_dis_giant,
          sprint_mu_tartarus_statrot, sprint_mu_cocytus_islands, sprint_mu_zot1]

Skill      XL: |  1  2  3  4  5  6  7  8  9 |
---------------+----------------------------+-----
Fighting       | 5 7 9 10 11 13 14 17 | 17.1
Axes           | 5 7 9 10 11 13 15 18 | 18.4
Armour         | 3 4 5 6 7 9 |  9.4
Dodging        | 3 4 5 6 8 9 10 | 10.5
Stealth        | |  0.7

Action                   |  1- 3 |  4- 6 |  7- 9 | 10-12 || total
-------------------------+-------+-------+-------+-------++-------
Melee: Hand axe          |    22 |    17 |    18 |       ||    57
       Headbutt          |     4 |     2 |     9 |       ||    15
       Kick              |     1 |     1 |    14 |     1 ||    17
       Battleaxe         |       |       |    38 |     3 ||    41
       Punch             |       |       |     2 |       ||     2
Invok: Berserk           |     2 |     3 |     4 |       ||     9
       Brothers in Arms  |       |       |     3 |       ||     3
  Use: Potion            |     2 |       |       |       ||     2
Armor: Ring mail         |       |       |    21 |       ||    21
       Plate armour      |       |       |     1 |       ||     1
Dodge: Dodged            |    11 |     4 |    29 |       ||    44
